 Dungeon Crawl Stone Soup version 0.29-a0-111-gbaf749a769 (webtiles) character file.

Game seed: 14214380485415950449

1891 aphid the Grappler (level 9, -6/71 HPs)
             Began as a Ghoul Monk on Feb 17, 2022.
             Was an Initiate of Yredelemnul.
             Mangled by Joseph (22 damage)
             ... on level 7 of the Dungeon.
             The game lasted 00:18:50 (7593 turns).

aphid the Grappler (Ghoul Monk)                     Turns: 7593, Time: 00:18:51

Health: -6/71      AC:  7    Str: 15    XL:     9   Next: 15%
Magic:  9/9        EV: 12    Int: 15    God:    Yredelemnul [......]
Gold:   470        SH:  5    Dex: 11    Spells: 3/10 levels left

rFire   . . .      SeeInvis .     - Unarmed
rCold   + . .      Faith    .   (no shield)
rNeg    + + +      Spirit   .   g - +0 leather armour
rPois   ∞          Reflect  +   d - +2 helmet
rElec   .          Harm     .   (no cloak)
rCorr   .          Rampage  .   (no gloves)
Will    +....                   M - +0 pair of boots
Stlth   ++........              e - amulet of reflection
HPRegen 0.00/turn               J - ring of willpower
MPRegen 0.11/turn               K - +6 ring of intelligence

@: mighty, inhibited regen
A: claws 1, cold resistance 1, negative energy resistance 3, inhibited
regeneration, torment resistance 2
a: Renounce Religion, Recall Undead Harvest


You were on level 7 of the Dungeon.
You worshipped Yredelemnul.
Yredelemnul was noncommittal.
You visited 2 branches of the dungeon, and saw 8 of its levels.

You collected 470 gold pieces.

Inventory:

Hand Weapons
 u - a +2 war axe of freezing
Missiles
 k - 4 silver javelins (quivered)
 m - 52 sling bullets
 H - a curare-tipped dart
 I - 4 poisoned darts
Armour
 a - a +0 robe
 d - a +2 helmet (worn)
 g - a +0 leather armour (worn)
 i - a +0 plate armour
 M - a +0 pair of boots (worn)
Jewellery
 e - an amulet of reflection (around neck)
 J - a ring of willpower (left claw)
 K - a +6 ring of intelligence (right claw)
 L - a ring of ice
Wands
 v - a wand of flame (2)
 B - a wand of acid (3)
 C - a wand of charming (14)
 N - a wand of iceblast (8)
Scrolls
 c - 3 scrolls of amnesia
 f - a scroll of summoning {unknown}
 h - a scroll of teleportation
 n - a scroll of acquirement {unknown}
 q - a scroll of identify
 r - a scroll of enchant armour {unknown}
 w - 3 scrolls of enchant weapon
 y - a scroll of noise
 z - a scroll of vulnerability {unknown}
 A - 4 scrolls of fog {unknown}
 E - a scroll of immolation {unknown}
 P - 2 scrolls of holy word {unknown}
Potions
 b - a potion of curing
 j - 2 potions of attraction
 l - a potion of lignification
 p - 2 potions of mutation
 s - 2 potions of degeneration
 t - 2 potions of cancellation
 x - 2 potions of brilliance
 F - a potion of invisibility {unknown}
 G - 2 potions of haste {unknown}
 O - a potion of flight {unknown}


   Skills:
 - Level 4.0 Fighting
 - Level 3.1 Throwing
 - Level 3.8 Armour
 - Level 3.1 Dodging
 - Level 2.1 Stealth
 + Level 8.5 Unarmed Combat
 - Level 1.2 Spellcasting
 + Level 2.9 Necromancy
 - Level 0.5 Ice Magic
 + Level 2.4 Air Magic
 + Level 3.7 Poison Magic


You had 3 spell levels left.
You knew the following spells:

 Your Spells              Type           Power      Damage    Failure   Level
a - Ozocubu's Armour      Ice            2%         N/A       58%         3
b - Poisonous Vapours     Pois/Air       20%        N/A       13%         2
c - Corpse Rot            Necr/Air       16%        N/A       16%         2

Your spell library contained the following spells:

 Spells                   Type           Power      Damage    Failure   Level
 Foxfire                  Conj/Fire      0%         2x1d4     30%         1
 Conjure Flame            Conj/Fire      0%         6-21      65%         3
 Inner Flame              Hex/Fire       0%         N/A       65%         3
 Flame Wave               Conj/Fire      0%         2d4       96%         4
 Metabolic Englaciation   Hex/Ice        0%         N/A       100%        5
 Simulacrum               Ice/Necr       3%         N/A       100%        6


Dungeon Overview and Level Annotations

Branches:
Dungeon (7/15)             Temple (1/1) D:6

Altars:
Ru
Sif Muna
Yredelemnul
Zin
The Shining One

Annotations:
D:7 Joseph


Innate Abilities, Weirdness & Mutations

You thrive by killing the living.
You are immune to poison.
You have sharp fingernails.
Your flesh is cold resistant. (rC+)
You are immune to negative energy. (rN+++)
You do not regenerate when monsters are visible.
You are immune to unholy pain and torment.


Message History

The bolt of acid misses Joseph.
You block the bullfrog's attack.
Joseph hits you with a +4 spectral quarterstaff!
* * * LOW HITPOINT WARNING * * *
The bullfrog barely misses you.
Unknown command.
You feel much better. The bullfrog closely misses you.
Joseph hits you with a +4 spectral quarterstaff!
Aiming: Corrosive Bolt
Press: ? - help, Shift-Dir - straight line, f/p - Joseph
Aim: Joseph, wielding a +4 spectral quarterstaff, wearing a +0 leather armour and quivering sling bullets (heavily wounded, 71% to hit)
The bolt of acid hits Joseph!
Joseph is heavily wounded.
The bullfrog hits you but does no damage.
Joseph says, "Now you've reached the end of your journey."
Joseph hits you with a +4 spectral quarterstaff!
* * * LOW HITPOINT WARNING * * *
The bullfrog closely misses you.
Unknown command.
Unknown command.
Unknown command.
You feel much better. The bullfrog closely misses you.
Joseph hits you with a +4 spectral quarterstaff!
* * * LOW HITPOINT WARNING * * *
Unknown command.
Unknown command.
You feel very mighty all of a sudden. The bullfrog barely misses you.
Joseph closely misses you.
The bullfrog hits you but does no damage.
You completely miss Joseph.
Joseph is heavily wounded.
The bullfrog completely misses you.
Joseph hits you with a +4 spectral quarterstaff.
* * * LOW HITPOINT WARNING * * *
Unknown command.
You scratch Joseph.
Joseph is heavily wounded.
The bullfrog hits you but does no damage.
Joseph hits you with a +4 spectral quarterstaff!!
You die...
Yredelemnul claims you as an undead slave.

#### #...# .....##
........## .
..........## ##..
..............##..#
##............@F...#
##..............@...#
............(......##
..................##
................###
####............# .#
..........# .#
......#...# ##
####.##...# # #.
#...#


You could see Joseph and a bullfrog.

Vanquished Creatures
  A hornet (D:4)
  Menkaure (D:6)
  A water moccasin (D:7)
  An ice beast (D:6)
  A black bear (D:6)
  3 ogres
  A centaur (D:6)
  4 phantoms
  A kobold brigand (D:5)
  A bullfrog (D:4)
  A jelly (D:6)
  A gnoll shaman (D:5)
  3 orc priests
  Jessica (D:2)
  Ijyb (D:3)
  3 iguanas
  3 orc wizards
  A hound skeleton (D:5)
  10 adders
  5 gnolls
  4 worms
  A dart slug (D:4)
  11 orcs
  5 ball pythons
  9 endoplasms
  3 giant cockroaches
  8 goblins
  2 hobgoblins
  8 kobolds
  6 quokkas
  3 bats (D:2)
  2 frilled lizards
  3 rats (D:3)
109 creatures vanquished.

Vanquished Creatures (collateral kills)
  An ufetubus (D:6)
  2 orcs (D:6)
3 creatures vanquished.

Vanquished Creatures (others)
  2 orc zombies (D:6)
  4 plants (D:3)
6 creatures vanquished.

Grand Total: 118 creatures vanquished

Notes
Turn   | Place    | Note
-------+----------+-------------------------------------------
     0 | D:1      | aphid the Ghoul Monk began the quest for the Orb.
     0 | D:1      | Reached XP level 1. HP: 19/19 MP: 0/0
    30 | D:1      | Found a faded altar of an unknown god.
   560 | D:1      | Reached XP level 2. HP: 26/26 MP: 1/1
   952 | D:2      | Noticed Jessica
   985 | D:2      | Reached XP level 3. HP: 20/31 MP: 3/3
   987 | D:2      | Killed Jessica
   988 | D:2      | Reached skill level 1 in Spellcasting
   994 | D:2      | Learned a level 3 spell: Ozocubu's Armour
  1161 | D:2      | Reached XP level 4. HP: 37/40 MP: 4/4
  1482 | D:2      | Reached skill level 4 in Unarmed Combat
  2215 | D:3      | Reached XP level 5. HP: 43/46 MP: 5/5
  2449 | D:3      | Noticed Ijyb
  2475 | D:3      | Killed Ijyb
  2476 | D:3      | Reached skill level 1 in Throwing
  2476 | D:3      | Reached skill level 1 in Armour
  3092 | D:4      | Reached skill level 5 in Unarmed Combat
  3102 | D:4      | Reached XP level 6. HP: 16/52 MP: 6/6
  3278 | D:4      | Noticed a hornet
  3297 | D:4      | Killed a hornet
  3370 | D:4      | Reached skill level 6 in Unarmed Combat
  3370 | D:4      | Reached XP level 7. HP: 10/59 MP: 7/7
  3431 | D:4      | HP: 1/59 [iguana (3)]
  3995 | D:4      | You fall into a shaft and drop 3 floors!
  4236 | D:7      | Reached skill level 7 in Unarmed Combat
  4356 | D:7      | Learned a level 2 spell: Poisonous Vapours
  4398 | D:5      | Entered Level 5 of the Dungeon
  4410 | D:5      | Reached XP level 8. HP: 63/66 MP: 8/8
  5182 | D:5      | Reached skill level 1 in Poison Magic
  5499 | D:5      | Learned a level 2 spell: Corpse Rot
  5851 | D:5      | Reached skill level 1 in Necromancy
  6434 | D:6      | Reached skill level 1 in Air Magic
  6483 | D:6      | Reached skill level 8 in Unarmed Combat
  6558 | D:6      | Found a staircase to the Ecumenical Temple.
  6565 | Temple   | Entered the Ecumenical Temple
  6619 | Temple   | Became a worshipper of Yredelemnul the Dark
  6619 | Temple   | Reached * piety under Yredelemnul
  6619 | Temple   | Reached ** piety under Yredelemnul
  6705 | D:6      | Noticed Menkaure
  6714 | D:6      | Killed Menkaure
  6989 | D:6      | Reached XP level 9. HP: 64/71 MP: 9/9
  7574 | D:7      | Noticed Joseph
  7587 | D:7      | HP: 3/71 [Joseph (16)]
  7593 | D:7      | Mangled by Joseph

Illustrated notes

Levels and vault maps discovered:
D:1:      eino_arrival_druids_welcome, layout_loops_ring,
          dreamdust_ecumenical_altar_grove
D:2:      wad_crossroads, layout_loops_cross, basic_altar, minmay_domino_4,
          uniq_jessica
D:3:      layout_loops_cross, hangedman_decor_push, roderic_lattice_a,
          serial_bayou_lagoon_a, uniq_ijyb
D:4:      minmay_wonky_spiral, layout_cave_pools, tso_metal_star
D:5:      layout_gridville
D:6:      layout_basic, minmay_temple_entry_mist, feat_on_display, uniq_menkaure
D:7:      layout_cave_pods, uniq_maggie, uniq_joseph
Temple:   mainiacjoe_temple_big_plus

Skill      XL: |  1  2  3  4  5  6  7  8 |
---------------+-------------------------+-----
Dodging        | 3 |  3.1
Spellcasting   | 1 |  1.2
Unarmed Combat | 4 5 6 7 8 |  8.5
Fighting       | 4 |  4.0
Throwing       | 1 2 3 |  3.1
Armour         | 1 2 3 |  3.8
Poison Magic   | 3 |  3.7
Necromancy     | 2 |  2.9
Air Magic      | 2 |  2.4
Stealth        | |  2.1
Ice Magic      | |  0.5

Action                   |  1- 3 |  4- 6 |  7- 9 || total
-------------------------+-------+-------+-------++-------
Melee: Unarmed           |    69 |   210 |   260 ||   539
       Punch             |     2 |     6 |    12 ||    20
       War axe           |       |     2 |       ||     2
Invok: Recall Undead Har |       |       |     1 ||     1
       Dark Bargain      |       |       |     1 ||     1
Evoke: Wand              |       |     9 |    11 ||    20
  Use: Scroll            |       |     4 |     9 ||    13
       Potion            |       |     2 |     3 ||     5
 Stab: Sleeping          |     1 |     1 |       ||     2
       Paralysed         |       |     6 |       ||     6
Armor: Robe              |    14 |       |       ||    14
       Leather armour    |     6 |       |    30 ||    36
       Plate armour      |       |   131 |   111 ||   242
Dodge: Dodged            |    21 |    37 |    82 ||   140
Block: Other             |       |       |    47 ||    47
       Reflection        |       |       |     3 ||     3

Table legend: (Time is in decaauts)
 A = Elapsed time spent in this place.
 B = Non-inter-level travel time spent in this place.
 C = Inter-level travel time spent in this place.
 D = Time resting spent in this place.
 E = Time spent auto-exploring this place.
 F = Levels seen in this place.
 G = Mean time per level.
                   A        B        C        D        E       F      G
               +--------+--------+--------+--------+--------+-----+--------+
         Total |   7547 |   7338 |    209 |    644 |   5046 |   8 |  943.4 |
       Dungeon |   7445 |   7273 |    172 |    644 |   4997 |   7 | 1063.6 |
        Temple |    102 |     65 |     37 |      0 |     49 |   1 |  102.0 |
               +--------+--------+--------+--------+--------+-----+--------+

Top non-repeatable levels by time:
     D:4: 1590 daAuts
     D:5: 1388 daAuts
     D:2: 1098 daAuts
     D:6: 1066 daAuts
     D:3: 1004 daAuts
     D:1: 885 daAuts
     D:7: 410 daAuts
  Temple: 102 daAuts
